 Dungeon Crawl Stone Soup version 0.14-a0-736-g2a71271 (webtiles) character file.

886 MackTheKnife the Archer (level 7, 0/44 HPs)
             Began as a High Elf Hunter on Nov 7, 2013.
             Slain by an iguana (12 damage)
             ... on Level 5 of the Dungeon.
             The game lasted 00:11:34 (4558 turns).

MackTheKnife the Archer (High Elf Hunter)           Turns: 4558, Time: 00:11:34

HP   0/44        AC  6     Str 11      XL: 7   Next: 50%
MP  11/11        EV 15     Int 15      God:
Gold 130         SH  0     Dex 18      Spells:  0 memorised,  6 levels left

Res.Fire  : . . .   See Invis. : .   a - +1 elf short sword
Res.Cold  : . . .   Warding    : .   d - +0 elf leather armour
Life Prot.: + . .   Conserve   : +   (no shield)
Res.Poison: .       Res.Corr.  : .   i - +1 horned helmet
Res.Elec. : .       Clarity    : .   (no cloak)
Sust.Abil.: . .     Spirit.Shd : .   (no gloves)
Res.Mut.  : .       Stasis     : .   (no boots)
Res.Rott. : .       Flight     : .   p - amulet of conservation
Saprovore : . . .                    w - +1 ring of protection
                                     n - ring of positive energy

@: slightly resistant to hostile enchantments, fairly stealthy
A: no striking features
a: no special abilities


You were on level 5 of the Dungeon.
You were hungry.

You visited 1 branch of the dungeon, and saw 5 of its levels.

You collected 130 gold pieces.


   Skills:
 - Level 1.0 Fighting
 + Level 9.5 Bows
 + Level 6.6 Dodging
 - Level 1.1 Stealth


You had 6 spell levels left.
You didn't know any spells.

Inventory:

Hand weapons
 a - a +1,+1 elven short sword (weapon)
 b - a +1,+2 elven bow
Missiles
 c - 4 arrows
Armour
 d - a +0 elven leather armour (worn)
 i - a +1 horned helmet (worn)
 o - a +2 buckler
Magical devices
 u - a wand of slowing (3)
 y - a wand of random effects (8)
Comestibles
 f - 3 bread rations
 g - a choko
 j - a lemon
 m - 4 meat rations
 z - a pear
Scrolls
 e - a scroll of enchant armour
 l - 2 scrolls of identify
 t - 3 scrolls of remove curse
 v - a scroll of blinking {unknown}
 A - a scroll of curse jewellery {unknown}
Jewellery
 n - a ring of positive energy (left hand)
 p - an amulet of conservation (around neck)
 w - a +1 ring of protection (right hand)
Potions
 h - 5 potions of curing
 k - a potion of degeneration {unknown}
 q - 2 potions of resistance {unknown}
 r - a potion of restore abilities {unknown}
 s - a potion of slowing {unknown}
 B - a potion of heal wounds {unknown}

··· ···▒ ···▒ ▒· ·
······ ▒·▒ ▒··▒·
▒·▒ ▒··· ▒·▒ ▒··▒
▒·▒ ▒l·▒ ▒·▒ ▒e·▒
▒·▒ ▒··▒ ▒·▒▒▒▒··▒
▒·······▒·
▒▒▒▒▒·············
▒<···············
▒········▒········
▒········▒·······
▒········▒······


You could see an iguana.


Message History

The iguana bites you!
* * * LOW HITPOINT WARNING * * *
You hit the iguana.
The iguana is severely wounded.
The iguana misses you.
You hit the iguana.
The iguana is severely wounded.
The iguana bites you.
* * * LOW HITPOINT WARNING * * *
You closely miss the iguana.
The iguana is severely wounded.
The iguana bites you but does no damage.
You hit the iguana but do no damage.
The iguana is severely wounded.
The iguana bites you.
* * * LOW HITPOINT WARNING * * *
You hit the iguana but do no damage.
The iguana is severely wounded.
The iguana barely misses you.
You hit the iguana but do no damage.
The iguana is severely wounded.
The iguana bites you.
* * * LOW HITPOINT WARNING * * *
You hit the iguana but do no damage.
The iguana is severely wounded.
The iguana barely misses you.
You hit the iguana.
The iguana is almost dead.
The iguana bites you!
You die...

Action                   |  1- 3 |  4- 6 |  7- 9 || total
-------------------------+-------+-------+-------++-------
Melee: Short sword       |   111 |    48 |    58 ||   217
 Fire: Bow               |    24 |   112 |    26 ||   162
Evoke: Wand              |       |     2 |       ||     2
  Use: Scroll            |     5 |     8 |       ||    13
       Potion            |     1 |       |       ||     1
 Stab: Sleeping          |     1 |     1 |       ||     2

Vault maps used:
D:1:      dpeg_entry_another_circle
D:2:      infiniplex_staircase_pillars_3b, evilmike_ruin_ashenzari
D:3:      serial_bayou_crossing
D:4:      xom_butterflies, first_bread, serial_shops, shop, saegor_snake_ambush
D:5:      lemuel_crystal_altar, serial_shops, shop, enter_ossuary_5,
          serial_bayou_pond_d, grunt_tough_drop, uniq_blork_the_orc, uniq_pikel

Notes
Turn   | Place    | Note
--------------------------------------------------------------
     0 | D:1      | MackTheKnife, the High Elf Hunter, began the quest for the Orb.
     0 | D:1      | Reached XP level 1. HP: 14/14 MP: 1/1
   674 | D:1      | Reached XP level 2. HP: 19/19 MP: 2/2
   775 | D:1      | Reached skill level 6 in Bows
  1289 | D:2      | Reached XP level 3. HP: 16/24 MP: 4/4
  1492 | D:2      | Reached skill level 3 in Dodging
  1848 | D:2      | Found a shattered altar of Ashenzari.
  1957 | D:2      | Reached XP level 4. HP: 26/29 MP: 6/6
  2257 | D:3      | Reached skill level 7 in Bows
  2262 | D:3      | Reached skill level 4 in Dodging
  2262 | D:3      | Reached XP level 5. HP: 34/34 MP: 7/7
  2718 | D:3      | Noticed PolkaDot's ghost (average HODK)
  3354 | D:4      | Reached skill level 5 in Dodging
  3362 | D:4      | Reached skill level 8 in Bows
  3362 | D:4      | Reached XP level 6. HP: 34/39 MP: 9/9
  3418 | D:4      | Found a shimmering altar of Xom.
  3864 | D:4      | Noticed an ogre
  3886 | D:4      | Killed an ogre
  3886 | D:4      | Reached skill level 9 in Bows
  3886 | D:4      | Reached skill level 6 in Dodging
  3886 | D:4      | Reached XP level 7. HP: 37/44 MP: 11/11
  4008 | D:4      | Noticed a sky beast
  4056 | D:4      | Killed a sky beast
  4169 | D:4      | Found Khaapt's Magical Wand Shoppe.
  4291 | D:5      | Entered Level 5 of the Dungeon
  4310 | D:5      | Found a basalt altar of Yredelemnul.
  4310 | D:5      | Noticed Blork the orc
  4319 | D:5      | Killed Blork the orc
  4558 | D:5      | Slain by an iguana

Vanquished Creatures
  A sky beast (D:4)
  An ogre (D:4)
  Blork the orc (D:5)
  2 orc priests
  A hound (D:4)
  5 orc wizards
  3 worker ants (D:4)
  8 adders
  4 gnolls
  A giant mite (D:3)
  9 orcs
  4 ball pythons
  11 bats
  12 hobgoblins
  2 jackals (D:2)
  3 kobolds
  3 giant cockroaches
  3 giant geckos
  4 giant newts
  11 goblins
  A kobold skeleton (D:4)
  5 quokkas
  12 rats
  A rat skeleton (D:4)
108 creatures vanquished.
